Cogmind - Beta 11 *** ADVENTURER MODE // 2022.03.27 @ 16:16:14 // AFD2020/Player2 Player: Sn@43 Result: Core destroyed Performance ------------- Evolutions (0) 0 Regions Visited (2) 400 Robots Destroyed (14) 70 Value Destroyed (318) 318 Prototype IDs (0) 0 Alien Tech Used (0) 0 Bonus (253) 253 TOTAL SCORE: 1041 Bonus ------- High Alert Combat Kills 8 Follower Combat Kills 245 Cogmind --------- Core Integrity 0/250 Matter 226/300 Energy 100/100 System Corruption 0% Temperature Cool (0) Movement Core (1350) Ox26 Location -10/Mines Parts ------- > --- POWER (1) -------- (None) > --- PROPULSION (2) --- (None) > --- UTILITY (2) ------ Huge Storage Unit Visual Processing Unit > --- WEAPON (2) ------- (None) > --- INVENTORY (25) --- Medium Storage Unit Assault Rifle Heavy Assault Rifle Heavy Assault Rifle Heavy Assault Rifle Peak State ------------ > --- POWER ------------ Ion Engine > --- PROPULSION ------- Wheel Compact Wheel > --- UTILITY ---------- Huge Storage Unit Visual Processing Unit > --- WEAPON ----------- Medium Laser Rocket Launcher > --- INVENTORY -------- Aluminum Leg Compact Wheel Medium Storage Unit Assault Rifle Heavy Assault Rifle Heavy Assault Rifle Heavy Assault Rifle Heavy Assault Rifle [Rating: 10] Favorites ----------- Power Ion Engine Engine Ion Engine Propulsion Wheel Leg Aluminum Leg Wheel Wheel Utility Visual Processing Unit Storage Medium Storage Unit Processor Visual Processing Unit Protection Core Shielding Weapon Medium Laser Energy Gun Medium Laser Ballistic Gun Assault Rifle Launcher Rocket Launcher Build | -11 -10 -10 ------- Run | Scr Mat Min Slots Evolved . | . . . Power . | . . . Propulsion . | . . . Utility . | . . . Weapon . | . . . Parts Attached 21 | 6 10 5 Power 2 | 1 1 . Engine 2 | 1 1 . Core . | . . . Reactor . | . . . Propulsion 4 | 2 . 2 Treads . | . . . Leg 1 | . . 1 Wheel 3 | 2 . 1 Hover . | . . . Flight . | . . . Utility 7 | 1 5 1 Device . | . . . Storage 3 | 1 1 1 Processor 1 | . 1 . Hackware . | . . . Protection 3 | . 3 . Artifact . | . . . Weapon 8 | 2 4 2 Energy Gun 4 | 2 2 . Energy Cannon . | . . . Ballistic Gun 3 | . 2 1 Ballistic Cannon . | . . . Launcher 1 | . . 1 Special Weapon . | . . . Impact Weapon . | . . . Slashing Weapon . | . . . Piercing Weapon . | . . . Special Melee Weapon . | . . . Unidentified Prototypes . | . . . Parts Lost 8 | . . 8 Power 1 | . . 1 Propulsion 4 | . . 4 Utility . | . . . Weapon 3 | . . 3 Highest Loss Streak 8 | . . 8 To Critical Strikes . | . . . Average Slot Usage (%) 95 | . 96 94 Engine 13 | . 14 13 Wheel 27 | . 28 25 Storage 14 | . 14 14 Processor 9 | . 8 14 Protection 3 | . 4 . Energy Gun 11 | . 10 13 Ballistic Gun 13 | . 14 13 Naked Turns . | . . . Heaviest Build 89 | 14 19 89 Greatest Support 26 | 26 26 26 Greatest Overweight (x) 28 | . . 28 Average Overweight (x) . | . . 2 Largest Inventory Capacity 25 | 8 10 25 Average Capacity 12 | 7 9 23 Most Carried 9 | 7 9 9 Average Carried 6 | 4 6 7 Final Capacity 25 | 8 10 25 Final Carried 8 | 7 8 5 Class Distribution -------------------- 100% | Mutant Dominant Class ---------------- Mutant | -10/Materials Mutant | -10/Mines Resources | -11 -10 -10 ----------- Run | Scr Mat Min Matter Collected 410 | 260 150 . Remotely . | . . . Salvage Created 504 | 95 405 4 Parts 33 | 5 28 . Haulers Intercepted . | . . . Recyclers Shooed 1 | . 1 . Parts Field Recycled . | . . . Retrieved Matter . | . . . Parts Self-Destructed . | . . . Prevented . | . . . Kills | -11 -10 -10 ------- Run | Scr Mat Min Combat Hostiles Destroyed 14 | . 9 5 Guns 9 | . 9 . AOE 5 | . . 5 Classes Destroyed 6 | 2 3 1 Tunneler 1 | 1 . . Recycler 2 | 1 1 . Watcher 2 | . 2 . Swarmer 3 | . 3 . Grunt 6 | . 6 . Assembled 5 | . . 5 Best Kill Streak 5 | 2 3 5 Combat Bots Only 5 | . 3 5 Max Kills in Single Turn 3 | 1 2 3 Gunslinging . | . . . Exploded 3 | . . 3 Melee . | . . . Uniques/NPCs Destroyed . | . . . Combat | -11 -10 -10 -------- Run | Scr Mat Min Damage Taken 842 | 4 153 685 Core 168 | . 30 138 Absorbed by Shields . | . . . Redirected to Shielding 1 | . 1 . Core Remaining (%) 100 | 100 . . Volleys Fired 43 | 5 30 8 Largest 2 | 2 2 1 Hottest 80 | 80 70 33 Shots Fired 68 | 10 50 8 Gun 63 | 10 50 3 Cannon . | . . . Launcher 5 | . . 5 Special . | . . . Kinetic 33 | . 30 3 Thermal 20 | . 20 . Explosive 5 | . . 5 Electromagnetic 10 | 10 . . Robot Hit Streak 14 | 4 14 4 Robot Miss Streak 3 | 1 3 1 Penetration Max . | . . . Secondary Targets 1 | . 1 . Max Gunslinging Chain 1 | . 1 . Shots Hit Robots 49 | 7 38 4 Core Hits 44 | 3 22 19 Critical Kills . | . . . Critical Parts Destroyed . | . . . Critical Strikes 3 | 1 2 . Burn 2 | . 2 . Corrupt 1 | 1 . . Melee Attacks . | . . . Impact . | . . . Slashing . | . . . Piercing . | . . . Sneak Attacks . | . . . Combat Hostiles . | . . . Follow-up Attacks . | . . . Damage Inflicted 1154 | 117 410 627 Guns 535 | 91 410 34 Cannons . | . . . Explosions 619 | 26 . 593 Melee . | . . . Ramming . | . . . Kinetic 269 | . 235 34 Thermal 201 | 26 175 . Explosive 593 | . . 593 Electromagnetic 91 | 91 . . Impact . | . . . Slashing . | . . . Piercing . | . . . Highest Corruption . | . . . Average Corruption . | . . . Corruption Purged . | . . . Corruption Blocked . | . . . Overload Shots . | . . . Overflow Damage 19 | . . 19 Projectiles . | . . . Explosions 19 | . . 19 Melee . | . . . Knockbacks . | . . . Impact . | . . . Kinetic . | . . . Secondary . | . . . Self-Inflicted Damage 4 | 4 . . Shots 1 | 1 . . Rammed . | . . . Targets Rammed . | . . . Kicked . | . . . Crushed . | . . . Highest Temperature 94 | 48 94 6 Average Temperature 27 | 22 28 6 Received Heat Transfer 113 | . 93 20 Siege Activations . | . . . Robots Corrupted . | . . . Combat Hostiles . | . . . Parts Fried . | . . . Impact Corruptions . | . . . Robots Melted . | . . . Combat Hostiles . | . . . Parts Melted 4 | . 4 . Heat Transferred 716 | 50 666 . Parts Sabotaged . | . . . Parts Stolen . | . . . Parts Stripped . | . . . Power Chain Reactions 1 | 1 . . Missiles Intercepted . | . . . Alert | -11 -10 -10 ------- Run | Scr Mat Min Peak Influence 429 | 10 429 126 Initial 5 | . 5 . Average 109 | 2 124 87 Maximum Alert Level 2 | . 2 . Low Security (%) 79 | 100 72 100 Level 1 12 | . 16 . Level 2 7 | . 10 . Level 3 . | . . . Level 4 . | . . . Level 5 . | . . . High Security . | . . . Max Security . | . . . Squads Dispatched 4 | . 4 . Investigation 4 | . 4 . Extermination . | . . . Reinforcement . | . . . Assault . | . . . Garrison . | . . . Intercept . | . . . Searches Triggered . | . . . Construction Impeded . | . . . Haulers Reinforced . | . . . Active Scanning Responses . | . . . Cargo Convoy Interrupts . | . . . Stealth | -11 -10 -10 --------- Run | Scr Mat Min Distress Signals . | . . . Communications Jammed . | . . . Distress Signals . | . . . Times Spotted 40 | . 18 22 Peak Tracking Total 18 | . 4 18 Tactical Retreats . | . . . Traps | -11 -10 -10 ------- Run | Scr Mat Min Traps Triggered 2 | . 2 . Indirectly . | . . . Trap Hack Attempts . | . . . Triggered . | . . . Disarmed . | . . . Reprogrammed . | . . . Reused . | . . . Traps Extracted . | . . . Installed . | . . . Triggered . | . . . Machines | -11 -10 -10 ---------- Run | Scr Mat Min Machines Disabled 2 | . . 2 Max in Single Turn . | . . . Machines Sabotaged . | . . . Garrisons Compromised . | . . . Overloaded Fab Kills . | . . . Hacking | -11 -10 -10 --------- Run | Scr Mat Min Machines Accessed 8 | . 8 . Terminals 8 | . 8 . Fabricators . | . . . Repair Stations . | . . . Recycling Units . | . . . Scanalyzers . | . . . Garrison Access . | . . . Total Hacks 27 | . 27 . Successful 19 | . 19 . Failed 7 | . 7 . Catastrophic 1 | . 1 . Database Lockouts 1 | . 1 . Manual 28 | . 28 . Terminals 27 | . 27 . Fabricators . | . . . Repair Stations . | . . . Recycling Units . | . . . Scanalyzers . | . . . Garrison Access . | . . . Terminal Hacks 13 | . 13 . Robot Analysis 8 | . 8 . Unreport Threat 4 | . 4 . Recall Investigation 1 | . 1 . Fabricator Hacks . | . . . Repair Station Hacks . | . . . Recycling Unit Hacks . | . . . Scanalyzer . | . . . Garrison Access Hacks . | . . . Unauthorized Hacks 6 | . 6 . Terminals 6 | . 6 . Botnet 6 | . 6 . Fabricators . | . . . Repair Stations . | . . . Recycling Units . | . . . Scanalyzers . | . . . Garrison Access . | . . . Data Cores Recovered . | . . . Used . | . . . Hacking Detections 7 | . 7 . Full Trace Events . | . . . Feedback Events . | . . . Feedback Blocked . | . . . Robot Schematics Acquired . | . . . Robots Built . | . . . Authchips . | . . . Time . | . . . Total Robot Build Rating . | . . . Part Schematics Acquired . | . . . Parts Built . | . . . Authchips . | . . . Time . | . . . Total Part Build Rating . | . . . Parts Repaired . | . . . Time . | . . . Parts Recycled . | . . . Recycled Matter . | . . . Retrieved Matter . | . . . Retrieved Components . | . . . Parts Scanalyzed . | . . . Part Schematics Acquired . | . . . Parts Damaged . | . . . Bothacking | -11 -10 -10 ------------ Run | Scr Mat Min Used RIF Installer . | . . . Robots Hacked . | . . . Non-combat . | . . . Combat . | . . . Robot Hacks Applied . | . . . Relay Couplers Released . | . . . Fabnet Peak Effective % . | . . . Robots Rewired . | . . . Allies Hacked . | . . . Hacks Repelled . | . . . Allies | -11 -10 -10 -------- Run | Scr Mat Min Total Allies 1 | . 1 . Largest Group 1 | . 1 1 Highest-Rated Group 61 | . 61 61 Highest-Rated Ally 61 | . 61 61 Total Orders . | . . . Ally Attacks 32 | . 17 15 Total Damage 656 | . 393 263 Kills 19 | . 10 9 Allies Corrupted . | . . . Allies Melted . | . . . Intel | -11 -10 -10 ------- Run | Scr Mat Min Robot Analysis Total 8 | . 8 . Derelict Logs Recovered . | . . . Drone Launches . | . . . Drone Recoveries . | . . . Exploration | -11 -10 -10 ------------- Run | Scr Mat Min Turns Passed 1349 | 80 990 279 Spaces Moved 1077 | 57 845 175 Core 3 | 2 . 1 Treads . | . . . Legs . | . . . Wheels 1074 | 55 845 174 Hover . | . . . Flight . | . . . Fastest Speed 50 | 50 90 90 Average Speed 97 | 87 90 137 Slowest Speed 1450 | 90 90 1450 Overloaded Moves . | . . . Propulsion Burnouts . | . . . Robots Hopped . | . . . Cave-ins Triggered . | . . . Exploration Rate (%) 54 | 4 98 62 Regions Visited 2 Branch Regions 1 Pre-discovered Areas . | . . . Known Exits Taken . | . . . Unknown Exits Taken 2 | 1 1 . Scrap Searched 1 | . . 1 Spaces Dug . | . . . Terrain Destroyed 41 | 5 . 36 Melee . | . . . Projectile . | . . . AOE 41 | 5 . 36 Terrain Rammed . | . . . Walls Destroyed . | . . . Machines Disabled . | . . . Actions | -11 -10 -10 --------- Run | Scr Mat Min Total 1311 | 74 1030 207 Wait 145 | . 127 18 Move 1075 | 56 844 175 Hop . | . . . Pick Up 14 | 7 7 . Fast Attach 11 | 6 5 . Attach 5 | . 2 3 Detach . | . . . Swap 5 | . 3 2 Drop 13 | . 12 1 Fire 43 | 5 30 8 Melee . | . . . Ram . | . . . Kick . | . . . Crush . | . . . Escape Stasis . | . . . Rewire . | . . . Trap . | . . . Miscellaneous . | . . . Route ------- -11/Scrapyard -10/Materials (discovered 4 exits: [*Mat x3] / [*Min]) -10/Mines (discovered 2 exits: [*Mat x2]) History --------- Turn | Location | Event 12 | -11/Scrapyard | Discovered new exit (range 16) 81 | -11/Scrapyard | Entered Materials 257 | -10/Materials | Discovered new exit (range 15) 314 | -10/Materials | Build established: Mutant 511 | -10/Materials | Discovered new exit (range 13) 584 | -10/Materials | Discovered new exit (range 12) 660 | -10/Materials | Discovered new exit (range 5) 960 | -10/Materials | Central database locked down 1071 | -10/Materials | Entered Mines 1078 | -10/Mines | Received a Rocket Launcher from a helpful Derelict 1208 | -10/Mines | Discovered new exit (range 8) 1231 | -10/Mines | Discovered new exit (range 15) 1313 | -10/Mines | Assembled infested the area 1318 | -10/Mines | Assisted by a Guerilla fighting off Assembled 1334 | -10/Mines | Core integrity fell below 50% 1345 | -10/Mines | Core integrity fell below 20% 1350 | -10/Mines | Core destroyed Last Messages --------------- 01334_ as-73867 destroyed. 01334_ as-15870 destroyed. 01335_ The unstable cave ceiling collapses. 01335_ Com. Wheel destroyed. 01337_ The unstable cave ceiling collapses. 01337_ Aluminum Leg destroyed. 01338_ The unstable cave ceiling collapses. 01338_ as-54045 destroyed. 01338_ D-53 Grenadier destroyed. 01339_ The unstable cave ceiling collapses. 01339_ Med. Laser destroyed. 01339_ K-01 Serf collects debris. 01342_ Player 2 attaches Imp. Treads. 01344_ K-01 Serf collects debris. 01345_ Hvy. Assault Rifle destroyed. 01347_ Player 2 drops Lgt. Ion Engine. Player 2: "I picked this Lgt. Ion Engine up earlier, seems like you need it." 01348_ The unstable cave ceiling collapses. 01348_ K-01 Serf collects debris. 01348_ as-27975 destroyed. Map ----- +----------------------------------------------------+ | | | | | | | | | | | ?????????????????????????????????????????????????? | | ?????????????????????????????????????????????????? | | ###??????????????????????????????????????????????? | | ##?????????????????????????????????????????????? | | #########?????????######??????????????????????? | | ## ###???#???# ##?????????????????????? | | < ## ## ??# #?????????????????????? | | ?# #?????????????????????? | | ?## #??????##?????????????? | | """ # ?# ##????? ??????????????? | | """ ###### k ## ##??? ???????????????? | | """ ##????# % #?? #???????????????? | | # ##?????# % ## #???????????????? | | # ####??????# ! ## ##??????????????? | | ## ##?????????##### a ##?????????????? | | ?####???????????????## a #?????????????? | | ????????????????????## # ##??????????? | | ??????????????????### @% ##?????????? | | ?????????????????## # #?????????? | | ?????????????????# # #?????????? | | ?????????????????# @ % % a ?????? | | ?????????????????## aa ?????? | | ??????????????????## " %a ??????? | | ???????????????????## " ??????? | | ????????????????????##### ##???????? | | ????????????????????????## u ## #????????? | | ?????????????????????????# ##????#????????? | | ????????????????????###??# #??????????????? | | ???????????????????? ?? #?????????????? | | ???????????????????? ??? #?????????????? | | ??????????????????? #??? #?????????????? | | ??????????????????? #??? ### ##?????????????? | | ????????????####### ##??# ##??###??????????????? | | ????????????# #???###????????????????????? | | ??????####??# #??????????????????????????? | | ?????## ##?# #??????????????????????????? | | ?????# ### """ """ #??????????????????????????? | | ????## ] %%*"" """ #??????????????????????????? | | ????# ###[ "" """ #??????????????????????????? | | ?# ##?#[%== #??????????????????????????? | | ?# ## #??###*#######??????????????????????????? | | ?#??## #????# ###??????????????????????????????? | | ?????## #????# #??????????????????????????????? | | ??????# ????###!#??????????????????????????????? | | ??????## ??????#%#??????????????????????????????? | +----------------------------------------------------+ Best States ------------- Heat Dissipation 25 Energy Generation 10 Energy Capacity 250 Matter Stores 300 Matter Capacity 300 Sight Range 18 Terrain Scan Density 10 Resistance: KI 20 Resistance: TH 20 Resistance: EX 20 Resistance: EM 20 Resistance: I 20 Resistance: S 20 Resistance: P 20 Core Shielding 20 Evasion (%) 42 Offensive Hacking 10 Item Schematics ----------------- None Robot Schematics ------------------ None Fabricated ------------ Nothing Alien Tech Used ----------------- None Achievements -------------- None Challenges ------------ None Player 2 | -11 -10 -10 ---------- Run | Scr Mat Min Slots Evolved . | . . . Power . | . . . Propulsion . | . . . Utility . | . . . Weapon . | . . . Parts Attached 13 | . 12 1 Parts Lost 2 | . . 2 Damage Taken 709 | . 102 607 Core 93 | . 29 64 Player 2/Cogmind (%) 35 | . 49 31 Absorbed by Shields . | . . . Damage Inflicted 656 | . 393 263 Player 2/Cogmind (%) 36 | . 48 29 Combat Hostiles Destroyed 18 | . 9 9 Player 2/Cogmind (%) 56 | . 50 64 Game ------ Seed FlightMiniClaw Manual? 0 Play Time 00:19:51 Cumulative 38.1 hours Start 2022.03.27 @ 15:55:34 End 2022.03.27 @ 16:16:14 Sessions 1 Manual Loads 0 Difficulty Adventurer Special Mode AFD2020/Player2 Game No. 73 Rogue 46 Adventurer 27 Explorer 0 Win Type - Total 0 Types 0/0/0/0/0/0/0/0/0 Lore% 20 Gallery% 23 Achievement% 24 Wizard Run 0 Options --------- ASCII 0 Keyboard 0 Movement Mouse Keybinds 0 Fullscreen 1 Font 24/Terminus Map View 84x54 Tactical HUD 1 Map Filters NONE Filters NONE Steam 1 RUN: feade554-39bf-4a86-9484-254313cc872b